 Dungeon Crawl Stone Soup version 0.27.0-1-g7a089689b8 (webtiles) character file.

Game seed: 10180891498515815195

4 unlimited1921 the Vexing (level 1, 5/19 HPs)
             Began as an Ogre Arcane Marksman on Aug 13, 2021.
             Got out of the dungeon alive.
             The game lasted 00:04:13 (85 turns).

unlimited1921 the Vexing (Ogre Arcane Marksman)       Turns: 85, Time: 00:04:14

Health: 5/19       AC:  3    Str: 13    XL:     1   Next: 70%
Magic:  2/2        EV:  9    Int: 14    God:
Gold:   0          SH:  0    Dex:  9    Spells: 1/2 levels left

rFire    . . .     SeeInvis .   a - +0 hand crossbow
rCold    . . .     Faith    .   (no shield)
rNeg     . . .     Spirit   .   d - +0 robe
rPois    .         Reflect  .   (helmet restricted)
rElec    .         Harm     .   (no cloak)
rCorr    .         Rampage  .   (gloves unavailable)
Will     .....                  (boots unavailable)
Stlth    +.........             (no amulet)
HPRegen  0.06/turn              (no ring)
MPRegen  0.08/turn              (no ring)

@: no status effects
A: large, unfitting armour, tough skin 1
a: no special abilities


You escaped.
You visited 1 branch of the dungeon, and saw 1 of its levels.

Inventory:

Hand Weapons
 a - a +0 hand crossbow (weapon)
 b - a +0 whip
Missiles
 c - 12 bolts (quivered ammo)
 e - 19 stones
Armour
 d - a +0 robe (worn)


   Skills:
 * Level 1.3 Fighting
 + Level 1.3 Crossbows
 + Level 1.7 Dodging
 * Level 1.2 Spellcasting
 + Level 3.0 Hexes


You had one spell level left.
You knew the following spells:

 Your Spells              Type           Power      Damage    Failure   Level
a - Corona                Hex            10%        N/A       8%          1

Your spell library contained the following spells:

 Spells                   Type           Power      Damage    Failure   Level
 Slow                     Hex            9%         N/A       11%         2
 Inner Flame              Hex/Fire       5%         N/A       38%         3
 Portal Projectile        Hex/Tloc       10%        N/A       38%         3
 Cause Fear               Hex            4%         N/A       58%         4


Dungeon Overview and Level Annotations

Branches:
Dungeon (1/15)

Altars:


Innate Abilities, Weirdness & Mutations

You are too large for most types of armour.
You have tough skin. (AC +1)


Message History

No target in view!
You see here a +0 ring mail.
f - a +0 ring mail This armour is too small for you!
You drop a +0 ring mail.
c - 18 bolts (gained 1)
Found a stone staircase leading down.
c - 19 bolts (gained 1)
c - 20 bolts (gained 1);
e - 19 stones (gained 15)
A gnoll comes into view. It is wielding a +0 club.
The gnoll shouts!
You shoot a bolt. The bolt closely misses the gnoll.
You shoot a bolt. The bolt completely misses the gnoll.
You shoot a bolt. The bolt hits the gnoll.
The gnoll is lightly wounded.
A rat comes into view.
The rat moves out of view.
You shoot a bolt. The bolt barely misses the gnoll.
The gnoll barely misses you.
You shoot a bolt. The bolt hits the gnoll.
The gnoll is moderately wounded.
A rat comes into view.
The gnoll closely misses you.
You shoot a bolt. The bolt barely misses the gnoll.
The gnoll misses you.
A dart slug comes into view.
You shoot a bolt. The bolt closely misses the gnoll.
The gnoll hits you with a +0 club. x2
You are too injured to fight recklessly!
You shoot a bolt. The bolt hits the gnoll.
The gnoll is heavily wounded.
The gnoll hits you with a +0 club.
You are too injured to fight recklessly!
The gnoll hits you with a +0 club.
There is a fountain of clear blue water here.
There is an open door here.
There is a staircase leading out of the dungeon here.
Are you sure you want to leave the Dungeon?
This will make you lose the game! The gnoll hits you with a +0 club.
* * * LOW HITPOINT WARNING * * *
You have escaped!

..# .. #.# #..######
#.......# #.⌠...⌠.#
#..###..# ######
#..#@#..# #.....
#..#g#..########.....
.#.⌠..r⌠.......(......
............†...........
.......#####........####
####### #........#
##########


You could see a gnoll and a rat.

Vanquished Creatures
  A dart slug (D:1)
  A quokka (D:1)
  A kobold (D:1)
3 creatures vanquished.

Notes
Turn   | Place    | Note
-------+----------+-------------------------------------------
     0 | D:1      | unlimited1921 the Ogre Arcane Marksman began the quest for
                  | the Orb.
     0 | D:1      | Reached XP level 1. HP: 19/19 MP: 2/2
    33 | D:1      | Reached skill level 3 in Hexes
    85 | D:$      | Got out of the dungeon alive.

Illustrated notes

Levels and vault maps discovered:
D:1:      scummos_arrival_simple_fountains, layout_basic, serial_shops, shop,
          hellmonk_ecumenical_altar_leap_of_faith, minivault_5

Skill      XL: |  1 |
---------------+----+-----
Hexes          | 3 |  3.0
Fighting       | |  1.3
Crossbows      | |  1.3
Dodging        | |  1.7
Spellcasting   | |  1.2

Action                   || total
-------------------------++-------
 Fire: Hand crossbow     ||    17
Dodge: Dodged            ||     4
